 Dungeon Crawl Stone Soup version 0.30-a0-777-ga9a30cbeda (webtiles) character file.

Game seed: 8213891821598944572

144 mopl the Vexing (level 5, -10/28 HPs)
             Began as a Deep Elf Enchanter on Feb 13, 2023.
             Killed by divine providence
             ... invoked by an orc priest
              (15 damage)
             ... on level 4 of the Dungeon.
             The game lasted 00:03:58 (2431 turns).

mopl the Vexing (Deep Elf Enchanter)                Turns: 2431, Time: 00:03:59

Health: -10/28     AC:  3    Str: 11    XL:     5   Next: 5%
Magic:  8/13       EV: 13    Int: 22    God:
Gold:   192        SH:  0    Dex: 21    Spells: 1/12 levels left

rFire   . . .      SeeInvis .    a - +1 dagger
rCold   . . .      Faith    .    (no shield)
rNeg    . . .      Spirit   .    b - +0 robe
rPois   .          Reflect  .    k - +0 helmet
rElec   .          Harm     .    q - scarf {+Inv}
rCorr   .          Rampage  .    (no gloves)
Will    .....                    (no boots)
Stlth   +++                      (no amulet)
HPRegen 0.24/turn                l - +6 ring of strength
MPRegen 0.13/turn                s - +6 ring of dexterity

@: no status effects
A: no striking features
a: Evoke Invisibility


You were on level 4 of the Dungeon.
You visited 1 branch of the dungeon, and saw 4 of its levels.

You collected 192 gold pieces.

Inventory:

Hand Weapons
 a - a +1 dagger (weapon)
Armour
 b - a +0 robe (worn)
 k - a +0 helmet (worn)
 q - a scarf of invisibility (worn)
Jewellery
 l - a +6 ring of strength (left hand)
 s - a +6 ring of dexterity (right hand)
Wands
 p - a wand of roots (10)
Scrolls
 j - a scroll of enchant weapon {unknown}
 m - a scroll of fog {unknown}
 n - a scroll of magic mapping {unknown}
 r - 2 scrolls of teleportation
 w - a scroll of enchant armour {unknown}
Potions
 c - 2 potions of invisibility
 e - 3 potions of curing
 f - a potion of haste
 h - a potion of mutation {unknown}
 i - a potion of brilliance {unknown}
 o - 2 potions of flight {unknown}
 u - a potion of heal wounds {unknown}
 v - a potion of resistance {unknown}


   Skills:
 + Level 2.4 Short Blades
 - Level 2.4 Dodging
 + Level 4.8 Stealth
 + Level 4.2 Spellcasting
 + Level 5.1 Hexes
 + Level 0.6 Evocations


You had one spell level left.
You knew the following spells:

 Your Spells              Type           Power      Damage    Failure   Level
b - Ensorcelled Hibernat  Hex/Ice        32%        N/A       6%          2
c - Confusing Touch       Hex            27%        N/A       4%          3
d - Tukima's Dance        Hex            27%        N/A       4%          3
f - Dazzling Flash        Conj/Hex       32%        N/A       12%         3

Your spell library contained the following spells:

 Spells                   Type           Power      Damage    Failure   Level
 Summon Mana Viper        Hex/Summ       16%        N/A       71%         5
 Summon Forest            Summ/Tloc      2%         N/A       97%         5
 Summon Cactus Giant      Summ           2%         N/A       100%        6


Dungeon Overview and Level Annotations

Branches:
Dungeon (4/15)
 Temple: D:4-7

Altars:


Message History

The orc priest is almost dead.
The gnoll closely misses you. The orc priest misses you.
You hit the orc priest but do no damage.
The orc priest is almost dead.
The orc priest hits you with a +0 morningstar!
* * * LOW HITPOINT WARNING * * *
A gnoll comes into view. It is wielding a +0 spear.
The gnoll hits you with a +0 whip.
* * * LOW HITPOINT WARNING * * *
You are too injured to fight recklessly!
You are too injured to fight recklessly!
You are too injured to fight recklessly!
The gnoll closely misses you.
Things that are here:
a +0 club; a quokka corpse
Casting: Ensorcelled Hibernation (safe; 6% risk of failure)
Confirm with . or Enter, or press ? or * to list all spells.
The spell is quite dangerous to miscast (12% risk of failure)!
Continue anyway?
Casting: Dazzling Flash (quite dangerous; 12% risk of failure)
Press: ? - help, Dir - look around, f - activate The gnoll is dazzled.
The orc priest is dazzled.
The gnoll closely misses you.
The orc priest hits you with a +0 morningstar.
* * * LOW HITPOINT WARNING * * *
An orc comes into view. It is wielding a +0 hand axe.
The gnoll shouts!
The orc shouts!
You hear an angry hiss.
You hear a shout!
An orc comes into view. It is wielding a +0 dagger.
The orc closely misses you.
Casting: Dazzling Flash (quite dangerous; 12% risk of failure)
Confirm with . or Enter, or press ? or * to list all spells.
Aiming: Ensorcelled Hibernation (safe; 6% risk of failure)
Press: ? - help, Shift-Dir - straight line, f - orc
Aim: an orc, wielding a +0 hand axe and wearing a +0 leather armour (chance to affect: 67%)
The orc looks drowsy...
The helpless orc fails to defend itself.
You impale the orc!!
You kill the orc!
The orc priest mumbles some strange prayers to Beogh against you.
Beogh smites you!
Ouch! That really hurt!
You die...

####### #..?..#
#######.###.#
........# .# ..
........###.#
....###
######......#
..g..g.##
#.@>o†...##
#.###g##.##..#
#)).o.##.##..#
#.######.##..#######
..## #.##........#
#.#. #.##.######.# #
#. #......# #.
#####..# #. #..#


You could see an orc priest, a gnoll (blind) and an orc.

Vanquished Creatures
  A lemure (D:4)
  A howler monkey (D:2)
  5 adders
  A worm (D:4)
  2 dart slugs
  3 orcs
  8 ball pythons
  3 endoplasms
  A giant cockroach (D:3)
  2 goblins
  5 hobgoblins
  3 jackals (D:1)
  5 quokkas
  2 bats
  A frilled lizard (D:1)
  7 kobolds
  6 rats
56 creatures vanquished.

Vanquished Creatures (others)
  3 plants
3 creatures vanquished.

Grand Total: 59 creatures vanquished

Notes
Turn   | Place    | Note
-------+----------+-------------------------------------------
     0 | D:1      | mopl the Deep Elf Enchanter began the quest for the Orb.
     0 | D:1      | Reached XP level 1. HP: 10/10 MP: 6/6
   305 | D:1      | Reached XP level 2. HP: 10/15 MP: 8/8
   308 | D:1      | Learned a level 2 spell: Ensorcelled Hibernation
   504 | D:1      | Reached skill level 4 in Stealth
   929 | D:2      | Noticed a howler monkey
   933 | D:2      | Reached XP level 3. HP: 19/19 MP: 7/10
   937 | D:2      | Learned a level 3 spell: Confusing Touch
   941 | D:2      | Learned a level 3 spell: Tukima's Dance
   960 | D:2      | Reached skill level 2 in Short Blades
   960 | D:2      | Reached XP level 4. HP: 24/24 MP: 11/11
  1052 | D:2      | Reached skill level 4 in Spellcasting
  1411 | D:2      | Reached skill level 5 in Hexes
  1949 | D:3      | Learned a level 3 spell: Dazzling Flash
  2128 | D:3      | Reached XP level 5. HP: 28/28 MP: 13/13
  2280 | D:4      | Noticed a lemure
  2300 | D:4      | Killed a lemure
  2431 | D:4      | Killed from afar by an orc priest

Illustrated notes

Levels and vault maps discovered:
D:1:      dpeg_arrival_shelter, layout_rooms, serial_forest,
          infiniplex_forest_3_way, infiniplex_forest_clump_small,
          infiniplex_forest_clump_small, infiniplex_forest_diagonal,
          infiniplex_forest_corner_1, infiniplex_forest_clump_tiny,
          infiniplex_forest_end_double, kennysheep_small_spiral,
          grunt_decor_fettered, amethyst_killhole, interstate_on_off
D:2:      layout_loops_cross, minmay_shallow_snake_nest
D:3:      layout_loops_ring, small_statue_intersection
D:4:      layout_loops_ring, mainiacjoe_overflow_divided_tiny, serial_glass,
          glass_columns_a, glass_columns_b, uniq_pikel

Skill      XL: |  1  2  3  4 |
---------------+-------------+-----
Stealth        | 4 |  4.8
Short Blades   | 2 |  2.4
Spellcasting   | 4 |  4.2
Hexes          | 5 |  5.1
Dodging        | |  2.4
Evocations     | |  0.6

Action                     |  1- 3 |  4- 6 || total
---------------------------+-------+-------++-------
  Melee: Dagger            |    86 |    82 ||   168
   Cast: Ensorcelled Hiber |     7 |    14 ||    21
         Confusing Touch   |       |     1 ||     1
         Dazzling Flash    |       |     1 ||     1
    Use: Scroll            |       |     5 ||     5
   Stab: Sleeping          |    10 |    18 ||    28
         Confused          |       |     1 ||     1
 Armour: Robe              |    12 |     9 ||    21
  Dodge: Dodged            |    58 |    52 ||   110

Table legend: (Time is in decaauts)
 A = Elapsed time spent in this place.
 B = Non-inter-level travel time spent in this place.
 C = Inter-level travel time spent in this place.
 D = Time resting spent in this place.
 E = Time spent auto-exploring this place.
 F = Levels seen in this place.
 G = Mean time per level.
                   A        B        C        D        E       F      G
               +--------+--------+--------+--------+--------+-----+--------+
         Total |   2412 |   2325 |     87 |    270 |   1585 |   4 |  603.0 |
       Dungeon |   2412 |   2325 |     87 |    270 |   1585 |   4 |  603.0 |
               +--------+--------+--------+--------+--------+-----+--------+

Top non-repeatable levels by time:
     D:1: 906 daAuts
     D:2: 698 daAuts
     D:3: 658 daAuts
     D:4: 149 daAuts
